 Dungeon Crawl Stone Soup version 0.31-a0-459-gc8a9bf3d51 (webtiles) character file.

Game seed: 7704996134703428686

9599 MacCMillion the Grappler (level 11, -16/82 (91) HPs)
             Began as a Purple Draconian Shapeshifter on Aug 4, 2023.
             Was an Elder of Okawaru.
             Demolished by a spectral orc warlord
             ... wielding a +1 glaive of venom
             ... summoned by Nergalle
              (20 damage)
             ... on level 10 of the Dungeon.
             The game lasted 00:22:04 (9804 turns).

MacCMillion the Grappler (DrSh)                     Turns: 9804, Time: 00:22:05

HP:   -16/82 (91)   AC: 10    Str: 22    XL:     11   Next: 25%
MP:   11/11         EV: 17    Int:  8    God:    Okawaru [****..]
Gold: 961           SH:  0    Dex: 12    Spells: 10/10 levels left

rFire   . .          .
                       - Unarmed
rCold   . . .        (no shield)
rNeg    . . .        (body armour unavailable)
rPois   +            (helmet restricted)
rElec   .            G - +0 cloak
rCorr   .            x - +0 pair of gloves
SInv    .            y - +0 pair of boots
Will    +....        (no amulet)
Stlth   +            w - +5 ring of evasion
HPRegen 0.33/turn    i - ring of poison resistance
MPRegen 0.12/turn

%: no passive effects
@: confused, lethally poisoned (-16 -> -39), maw-form, ambrosia-drunk, studying
Ice Magic, drained
A: devouring maw, breathe power, AC +7, unfitting armour, cold-blooded
a: Breathe Dispelling Energy, Begin Untransformation, Renounce Religion,
Heroism, Finesse


You were on level 10 of the Dungeon.
You worshipped Okawaru.
Okawaru was greatly pleased with you.
You were a creature with a mouth for a stomach.
You visited 2 branches of the dungeon, and saw 11 of its levels.
You also visited: Ossuary and Bailey.

You collected 961 gold pieces.

Inventory:

Missiles
 h - a throwing net
 o - 8 curare-tipped darts
 r - 5 javelins
 v - 22 poisoned darts (quivered)
 H - 4 datura-tipped darts
 P - 5 silver javelins
Armour
 x - a +0 pair of gloves (worn)
 y - a +0 pair of boots (worn)
 G - a +0 cloak (worn)
Jewellery
 i - a ring of poison resistance (right hand)
 w - a +5 ring of evasion (left hand)
 M - a ring of flight
 Q - a ring of willpower
Talismans
 b - a beast talisman
 n - a maw talisman (active)
Wands
 p - a wand of flame (26)
 A - a wand of acid (7)
 F - a wand of polymorph (10)
 J - a wand of iceblast (11)
 N - a wand of digging (5)
Scrolls
 a - 2 scrolls of teleportation
 d - 2 scrolls of amnesia
 f - a scroll of poison {unknown}
 j - a scroll of blinking {unknown}
 k - a scroll of acquirement {unknown}
 m - 3 scrolls of fog {unknown}
 s - 3 scrolls of vulnerability {unknown}
 t - a scroll of fear {unknown}
 u - a scroll of butterflies {unknown}
 B - a scroll of noise {unknown}
 K - 5 scrolls of identify
 O - a scroll of brand weapon {unknown}
Potions
 c - 3 potions of cancellation
 e - 5 potions of might
 g - 2 potions of degeneration
 q - 4 potions of resistance
 z - a potion of heal wounds {unknown}
 C - 3 potions of berserk rage
 E - 2 potions of lignification
 I - a potion of magic {unknown}
 L - a potion of curing {unknown}
Miscellaneous
 D - a lightning rod (4/4)


   Skills:
 + Level 6.7 Fighting
 - Level 4.0 Throwing
 + Level 3.0 Dodging
 * Level 12.3 Unarmed Combat
 + Level 9.2 Shapeshifting


You had 10 spell levels left.
You didn't know any spells.
Your spell library contained the following spells:

 Spells                   Type           Power      Damage    Failure   Level
 Magic Dart               Conj           0%         1d3       41%         1
 Sandblast                Erth           0%         2d4       41%         1
 Blink                    Tloc           0%         N/A       54%         2
 Ensorcelled Hibernation  Hex/Ice        0%         N/A       54%         2
 Lesser Beckoning         Tloc           0%         N/A       54%         2
 Momentum Strike          Conj/Tloc      0%         3d8       54%         2
 Passwall                 Tmut/Erth      0%         N/A       54%         2
 Searing Ray              Conj           0%         2d4       54%         2
 Portal Projectile        Hex/Tloc       0%         N/A       78%         3
 Stone Arrow              Conj/Erth      0%         3d7       78%         3
 Anguish                  Hex/Necr       0%         N/A       99%         4
 Fulminant Prism          Conj/Hex       0%         3d5       99%         4
 Iskenderun's Mystic Bla  Conj/Tloc      0%         2d3       99%         4
 Manifold Assault         Tloc           0%         N/A       99%         4
 Tukima's Dance           Hex            Unusable   N/A       N/A         3

Dungeon Overview and Level Annotations

Branches:
Dungeon (10/15)            Temple (1/1) D:6            Lair (0/5) D:9
Ossuary (visited)          Bailey (visited)
    Orc: D:9-12

Altars:
Ashenzari
Cheibriados
Dithmenos
Elyvilon
Fedhas
Gozag
Hepliaklqana
Kikubaaqudgha
Makhleb
Nemelex Xobeh
Okawaru
Qazlal
Ru
Sif Muna
Trog
Uskayaw
Vehumet
Wu Jian
Xom
Yredelemnul
Zin
The Shining One

Shops:
D:2 =

Annotations:
D:9 1 runed translucent door, u553311's ghost, novice HuFi
D:10 Nergalle


Innate Abilities, Weirdness & Mutations

You are a creature with a mouth for a stomach.
Your midsection houses a second, enormous mouth.
You can breathe bolts of dispelling energy.
Your rich purple scales are hard. (AC +7)
You cannot fit into any form of body armour.
You are cold-blooded and may be slowed by cold attacks.


Message History

Nergalle is lightly wounded.
The spectral orc warlord barely misses you.
Nergalle closely misses you.
You pummel Nergalle!!
Your tail-slap misses Nergalle.
Nergalle is heavily wounded.
Nergalle hits you but does no damage.
The spectral orc warlord closely misses you.
Nergalle hits you with a +3 dagger of speed.
You closely miss Nergalle.
Nergalle is heavily wounded.
The spectral orc warlord closely misses you.
Nergalle hits you with a +3 dagger of speed.
You closely miss Nergalle. Your bite misses Nergalle.
Nergalle is heavily wounded.
Nergalle hits you but does no damage.
You completely miss Nergalle. Your bite misses Nergalle.
Nergalle is heavily wounded.
The spectral orc warlord barely misses you.
Nergalle hits you with a +3 dagger of speed.
You hit Nergalle.
Nergalle is heavily wounded.
The spectral orc warlord closely misses you.
Nergalle hits you but does no damage.
You hit Nergalle but do no damage.
Nergalle is heavily wounded.
Nergalle hits you but does no damage.
The spectral orc warlord hits you from afar with a +1 glaive of venom!!
* * * LOW HITPOINT WARNING * * *
You feel drained.
* * * LOW HITPOINT WARNING * * *
You are lethally poisoned!
It was a potion of ambrosia.
You are confused.
You feel invigorated.
* * * LOW HITPOINT WARNING * * *
You feel extremely sick.
Nergalle hits you with a +3 dagger of speed.
* * * LOW HITPOINT WARNING * * *
The spectral orc warlord hits you from afar with a +1 glaive of venom!!
You die...

### ........ ### ..#
##........ ..## #.#
#......... ..# #.#
#......... ###.# #.#
#.#....... ...<####.##
#?........ ###...##..#
###.........
##....#.###.Z.Wo......
##.....)##.##........
###.....(.##........
##.....>###^......
####....# #......
#..#...###....
#...##.# .### #....
... # #..### ..#


You could see Nergalle (poisoned) and a spectral orc warlord (summoned).

Vanquished Creatures
  A two-headed ogre (D:9)
  3 death yaks
  Maurice (D:8)
  2 hornets (D:9)
  Sigmund (D:4)
  15 yaks
  Eustachio (D:4)
  An acid dragon (D:8)
  Duvessa (D:4)
  3 water moccasins
  3 orc warriors
  A sky beast (D:7)
  2 centaurs
  An ogre (D:7)
  2 phantoms
  7 kobold brigands
  6 bullfrogs
  A gnoll sergeant (D:8)
  A wight (D:7)
  3 scorpions
  Dowan (D:4)
  12 killer bees
  2 electric eels (D:8)
  4 howler monkeys
  6 hounds
  A gnoll bouda (D:7)
  2 orc priests
  A jelly (D:6)
  2 iguanas
  2 orc wizards
  2 hell rats (D:9)
  2 mummies (Ossuary)
  7 gnolls
  2 river rats (D:9)
  11 adders
  3 shadow imps
  3 white imps (D:7)
  5 adder zombies (Ossuary)
  2 worms (D:4)
  2 dart slugs
  20 orcs
  7 bats
  6 endoplasms
  5 giant cockroaches
  4 gnoll zombies (Ossuary)
  6 goblins
  13 hobgoblins
  3 jackals
  4 quokkas
  7 ball pythons
  2 frilled lizards
  5 hobgoblin zombies (Ossuary)
  25 kobolds
  11 kobold zombies (Ossuary)
  2 orc zombies (Ossuary)
  4 rats
252 creatures vanquished.

Notes
Turn   | Place    | Note
-------+----------+-------------------------------------------
     0 | D:1      | MacCMillion the Draconian Shapeshifter began the quest for
                  | the Orb.
     0 | D:1      | Reached XP level 1. HP: 16/16 MP: 1/1
   289 | D:1      | Reached XP level 2. HP: 22/23 MP: 2/2
   805 | D:1      | Reached XP level 3. HP: 29/29 MP: 3/3
   989 | D:2      | Found Sobaulukh's Jewellery Boutique.
  1017 | D:2      | Reached skill level 4 in Unarmed Combat
  1385 | D:3      | Reached XP level 4. HP: 37/37 MP: 4/4
  1698 | D:3      | Reached skill level 5 in Unarmed Combat
  1698 | D:3      | Reached XP level 5. HP: 40/45 MP: 5/5
  1760 | D:3      | Found a faded altar of an unknown god.
  2294 | D:4      | Found a basalt altar of Yredelemnul.
  2471 | D:4      | Noticed Duvessa
  2471 | D:4      | Noticed Dowan
  2782 | D:4      | Noticed Sigmund
  2956 | D:5      | Entered Level 5 of the Dungeon
  2962 | D:5      | Reached XP level 6. HP: 52/52 MP: 6/6
  3201 | D:5      | Reached skill level 6 in Unarmed Combat
  3350 | D:5      | Found a blossoming altar of Fedhas.
  3350 | D:5      | Found an ancient bone altar of Kikubaaqudgha.
  3597 | D:6      | Your scales start taking on a rich purple colour.
  3597 | D:6      | Reached XP level 7. HP: 36/60 MP: 7/7
  3627 | D:6      | Reached skill level 7 in Unarmed Combat
  3702 | D:6      | Reached skill level 5 in Fighting
  3760 | D:6      | Noticed a yak
  3760 | D:6      | Noticed a yak
  3760 | D:6      | Noticed a yak
  3803 | D:5      | Killed a yak
  3832 | D:6      | Reached skill level 8 in Unarmed Combat
  3833 | D:6      | Reached XP level 8. HP: 33/70 MP: 8/8
  4003 | D:6      | Found a sand-covered staircase.
  4011 | Ossuary  | Entered an ossuary
  4717 | D:6      | Reached skill level 5 in Shapeshifting
  4722 | D:6      | Reached skill level 9 in Unarmed Combat
  4724 | D:6      | Reached XP level 9. HP: 47/75 MP: 9/9
  5126 | D:7      | Found a flagged portal.
  5136 | Bailey   | Entered a bailey
  5454 | Bailey   | Noticed an orc knight
  5592 | D:7      | Reached skill level 10 in Unarmed Combat
  6079 | D:7      | Reached XP level 10. HP: 81/83 MP: 10/10
  6727 | D:6      | Found a staircase to the Ecumenical Temple.
  6834 | Temple   | Entered the Ecumenical Temple
  6851 | Temple   | Became a worshipper of Warmaster Okawaru
  6924 | D:4      | Identified the +0 chain mail of Plog {rN++ Str+3}
  7005 | D:4      | Noticed Eustachio
  7018 | D:4      | Killed Eustachio
  7022 | D:4      | Killed Duvessa
  7027 | D:4      | Killed Dowan
  7431 | D:4      | Killed Sigmund
  7880 | D:8      | Noticed Maurice
  7888 | D:8      | Killed Maurice
  7889 | D:8      | Reached skill level 1 in Throwing
  8342 | D:9      | Noticed a death yak
  8345 | D:9      | Noticed a death yak
  8361 | D:8      | Killed a death yak
  8361 | D:8      | Reached * piety under Okawaru
  8362 | D:8      | Reached skill level 11 in Unarmed Combat
  8459 | D:9      | Noticed a death yak
  8472 | D:8      | Killed a death yak
  8472 | D:8      | Reached ** piety under Okawaru
  8926 | D:9      | Noticed a two-headed ogre
  8955 | D:9      | Killed a two-headed ogre
  9012 | D:9      | Reached *** piety under Okawaru
  9028 | D:9      | Reached XP level 11. HP: 83/89 MP: 11/11
  9035 | D:9      | Reached skill level 12 in Unarmed Combat
  9165 | D:9      | Found a shadowy altar of Dithmenos.
  9217 | D:9      | Killed a death yak
  9217 | D:9      | Reached **** piety under Okawaru
  9325 | D:9      | Found a shimmering altar of Xom.
  9325 | D:9      | Found a radiant altar of Vehumet.
  9333 | D:9      | Found a hazy altar of Hepliaklqana.
  9335 | D:9      | Found an opulent altar of Gozag.
  9337 | D:9      | Found an ornate altar of the Wu Jian Council.
  9403 | D:9      | Found a staircase to the Lair.
  9431 | D:9      | Found a runed translucent door.
  9431 | D:9      | Noticed u553311's ghost (novice HuFi)
  9445 | D:9      | Received a gift from Okawaru
  9567 | D:9      | Found a shimmering blue altar of Sif Muna.
  9775 | D:10     | Entered Level 10 of the Dungeon
  9789 | D:10     | Noticed Nergalle
  9794 | D:10     | Noticed a spectral orc warlord
  9804 | D:10     | HP: 4/82 [Nergalle/+3 dagger of speed (3)]
  9804 | D:10     | Demolished by a spectral orc warlord

Illustrated notes

Levels and vault maps discovered:
D:1:      dpeg_arrival_simpleton_a, layout_basic
D:2:      layout_rooms, serial_shops, shop
D:3:      layout_basic, shapermc_ecumenical_altar_flowoftime
D:4:      layout_loops_cross, mainiacjoe_overflow_cross_hatched,
          minmay_manual_mess, uniq_duvessa, uniq_eustachio, uniq_sigmund
D:5:      layout_rooms, grunt_temple_overflow_growth_and_decay
D:6:      layout_loops_ring, minmay_temple_entry_fiery,
          nicolae_ossuary_entry_plus
D:7:      kennysheep_spiral_hall, layout_basic, enter_bailey_2
D:8:      layout_gridville, kennysheep_cross_room, uniq_maurice
D:9:      layout_basic, overflow_temple_1_default, lemuel_blue_sif_altar,
          chequers_temple_overflow_minitemple, dpeg_lair_monsters,
          hellmonk_ghost_happy_afterlife
D:10:     layout_rooms, grunt_ministairs_2, lightli_church_of_beogh,
          uniq_nergalle, uniq_urug
Temple:   nicolae_temple_no_exploring_needed

Skill      XL: |  1  2  3  4  5  6  7  8  9 10 11 |
---------------+----------------------------------+-----
Fighting       | 2 3 4 6 |  6.7
Unarmed Combat | 4 5 6 8 9 10 11 12 | 12.3
Shapeshifting  | 5 8 9 |  9.2
Throwing       | 4 |  4.0
Dodging        | 2 3 |  3.0

Action                     |  1- 3 |  4- 6 |  7- 9 | 10-12 || total
---------------------------+-------+-------+-------+-------++-------
  Melee: Unarmed           |    74 |   138 |   270 |   190 ||   672
         Tailslap          |    13 |    19 |    40 |    27 ||    99
         Punch             |     1 |     4 |    21 |    14 ||    40
         Maw               |       |       |       |    28 ||    28
  Throw: Dart              |       |       |     6 |    19 ||    25
Ability: Breathe Dispellin |       |       |     9 |     1 ||    10
  Evoke: Wand              |       |       |       |     4 ||     4
    Use: Potion            |       |       |     1 |     1 ||     2
         Scroll            |       |       |     7 |       ||     7
   Stab: Sleeping          |     1 |     3 |       |       ||     4
 Armour: Skin              |    30 |    38 |    56 |    29 ||   153
  Dodge: Dodged            |    52 |    74 |   176 |   137 ||   439
   Form: Maw               |       |       |       |     1 ||     1

Table legend: (Time is in decaauts)
 A = Elapsed time spent in this place.
 B = Non-inter-level travel time spent in this place.
 C = Inter-level travel time spent in this place.
 D = Time resting spent in this place.
 E = Time spent auto-exploring this place.
 F = Levels seen in this place.
 G = Mean time per level.
                   A        B        C        D        E       F      G
               +--------+--------+--------+--------+--------+-----+--------+
         Total |   9709 |   9120 |    589 |   2549 |   4189 |  13 |  746.8 |
       Dungeon |   8918 |   8337 |    581 |   2214 |   3988 |  10 |  891.8 |
        Temple |     27 |     19 |      8 |      0 |      0 |   1 |   27.0 |
       Ossuary |    431 |    431 |      0 |    239 |     85 |   1 |  431.0 |
        Bailey |    331 |    331 |      0 |     96 |    116 |   1 |  331.0 |
               +--------+--------+--------+--------+--------+-----+--------+

Top non-repeatable levels by time:
     D:8: 1486 daAuts
     D:4: 1207 daAuts
     D:6: 1184 daAuts
     D:7: 1153 daAuts
     D:9: 979 daAuts
     D:1: 902 daAuts
     D:3: 873 daAuts
     D:5: 564 daAuts
     D:2: 540 daAuts
 Ossuary: 431 daAuts
  Bailey: 331 daAuts
  Temple: 27 daAuts
    D:10: 26 daAuts
